 Dungeon Crawl Stone Soup version 0.21.1-1-g345015f (webtiles) character file.

31 shakethe the Cudgeler (level 3, -4/27 HPs)
             Began as a Demonspawn Gladiator on Feb 15, 2018.
             Slain by a goblin (6 damage)
             ... led by Robin
             ... on level 2 of the Dungeon.
             The game lasted 00:01:22 (959 turns).

shakethe the Cudgeler (Demonspawn Gladiator)         Turns: 959, Time: 00:01:23

Health: -4/27      AC:  3    Str: 14    XL:     3   Next: 7%
Magic:  3/3        EV: 12    Int:  9    God:
Gold:   58         SH:  0    Dex: 15    Spells: 2/2 levels left

rFire    . . .     SeeInvis .   a - +0 flail
rCold    . . .     Gourm    .   (no shield)
rNeg     . . .     Faith    .   b - +0 leather armour
rPois    .         Spirit   .   (helmet restricted)
rElec    .         Reflect  .   (no cloak)
rCorr    .         Harm     .   (no gloves)
MR       .....                  (no boots)
Stlth    +.........             (no amulet)
HPRegen  0.09/turn              (no ring)
MPRegen  0.08/turn              (no ring)

@: no status effects
A: horns 2
a: no special abilities


You were on level 2 of the Dungeon.
You were not hungry.

You visited 1 branch of the dungeon, and saw 2 of its levels.

You collected 58 gold pieces.

Inventory:

Hand Weapons
 a - a +0 flail (weapon)
Missiles
 d - 3 throwing nets {=f, !d}
Armour
 b - a +0 leather armour (worn)
 c - a +0 helmet
 s - a +0 plate armour
   (You found it on level 1 of the Dungeon)
Jewellery
 i - a cursed -2 ring of strength {unknown}
   (You found it on level 1 of the Dungeon)
 l - a cursed -2 ring of strength {unknown}
   (You found it on level 1 of the Dungeon)
Scrolls
 g - a scroll of magic mapping {unknown}
 j - a scroll of teleportation {unknown}
 k - a scroll of noise {unknown}
 m - 3 scrolls of blinking {unknown}
 p - 2 scrolls of identify {unknown}
 q - a scroll of remove curse {unknown}
 r - 3 scrolls of random uselessness {unknown}
 t - a scroll of enchant weapon {unknown}
Potions
 e - 2 potions of ambrosia {unknown}
 h - a potion of heal wounds {unknown}
 n - 2 potions of might {unknown}
 o - a potion of lignification {unknown}
Comestibles
 f - 4 rations


   Skills:
 - Level 2.0 Fighting
 * Level 3.9 Maces & Flails
 - Level 1.7 Throwing
 - Level 2.6 Dodging


You had 2 spell levels left.
You didn't know any spells.

Dungeon Overview and Level Annotations

Branches:
Dungeon (2/15)

Altars:

Annotations:
D:2 Robin


Innate Abilities, Weirdness & Mutations

You have a pair of horns on your head.


Message History

No target in view!
No target in view!
No target in view!
Done exploring.
No target in view!
Done exploring.
Done exploring.
Done exploring.
Done exploring.
You see here a club.
There is a stone staircase leading down here.
You see here a plate armour.
s - a plate armour
There is a stone staircase leading down here.
You climb downwards.
There is a stone staircase leading up here.
You see here a short sword.
Found a stone staircase leading down.
No target in view!
There is a stone staircase leading down here.
n - 2 fuming red potions (gained 1)
You now have 58 gold pieces (gained 14).
t - a scroll labeled YFOICK EHAPNUL No target in view!
No target in view! 2 goblins come into view.
The goblin shouts! x2; You hear a shout! x6
A rat, 4 goblins and Robin come into view.
A goblin is wielding a dagger of electrocution.
Robin shouts!
The goblin shouts! x3; You hear a shout!
Robin throws the goblin at you! The goblin closely misses you.
A goblin comes into view. It is wielding a dagger.
You take 3 damage, and have 19/22 hp.
You barely miss the goblin. Your headbutt misses the goblin.
The goblin closely misses you. Robin throws the goblin at you!
The goblin hits you but does no damage.
A goblin comes into view.
You take 1 damage, and have 18/22 hp.
The goblin closely misses you.
A goblin comes into view. It is wielding a dagger.
You thump the goblin!
You kill the goblin!
You barely miss the goblin.
You kill the goblin!
You hit the goblin.
You kill the goblin!
You hit the goblin.
You kill the goblin!
You have reached level 3!
Your experience leads to an increase in your attributes!
Increase (S)trength, (I)ntelligence, or (D)exterity?
You feel agile.
Your demonic ancestry asserts itself...
The horns on your head grow some more.
You regained 4 hp, and now have 23/27 hp.
MP restored: 3 You hit the rat.
You kill the rat!
Robin roars a battlecry!
The goblins go into a battle-frenzy!
The goblin unwields an uncursed dagger of electrocution.
It stops crackling.
The goblin wields a hunting sling.
The goblin shoots a stone.
The stone hits you.
You take 5 damage, and have 18/27 hp.
The goblin shoots a stone.
The stone closely misses you.
A hobgoblin comes into view. It is wielding a club.
Things that are here:
a dagger x2; a goblin corpse The goblin unwields an uncursed hunting sling.
The goblin wields an uncursed dagger of electrocution.
You hear the crackle of electricity.
The goblin hits you but does no damage. Robin throws the goblin at you!
The goblin hits you.
You take 4 damage, and have 15/27 hp.
You closely miss the goblin.
The hobgoblin shouts!
You kill the goblin!
The hobgoblin moves out of view.
The goblin hits you. x2
* * * LOW HITPOINT WARNING * * *
A goblin comes into view. It is wielding a dagger.
You take 8 damage, and have 7/27 hp.
MASSIVE DAMAGE!!
You barely miss the goblin.
The goblin shouts!
Your headbutt misses the goblin. The goblin closely misses you.
The goblin barely misses you.
You barely miss the goblin. The goblin barely misses you.
The goblin misses you.
You sock the goblin!
You kill the goblin!
The goblin closely misses you. Robin throws the goblin at you!
You hit the goblin. Your headbutt misses the goblin.
The goblin hits you with a dagger.
* * * LOW HITPOINT WARNING * * *
The goblin barely misses you. The goblin closely misses you.
The goblin hits you.
* * * LOW HITPOINT WARNING * * *
You take 5 damage, and have 2/27 hp.
You barely miss the goblin. The goblin hits you but does no damage.
The goblin hits you.
You die...

#<# #............ ..
.#####..#......... g
...........)#.##.#.####.
#####..#####.##.#g...g.
#######>........g.....gg.
.......#.###.#.#gg#
######.#.# #.#.#g##
#....###.#.#g#
#(.........#@#
#####.....#....#g#
........#....#.#(#
#######.#......#.#
#.#.##.###.# #.#........#
#.####....(..# #+#
#########


You could see Robin, a hobgoblin and 4 goblins.

Vanquished Creatures
  An ooze (D:1)
  A giant cockroach (D:1)
  11 goblins
  2 hobgoblins (D:1)
  2 kobolds (D:1)
  3 bats (D:1)
  3 rats
23 creatures vanquished.

Notes
Turn   | Place    | Note
-------+----------+-------------------------------------------
     0 | D:1      | shakethe the Demonspawn Gladiator began the quest for the Orb.
     0 | D:1      | Reached XP level 1. HP: 16/16 MP: 1/1
    58 | D:1      | Reached skill level 3 in Maces & Flails
    72 | D:1      | Gained mutation: You have a pair of small horns on your head. [demonic ancestry]
    72 | D:1      | Reached XP level 2. HP: 9/22 MP: 2/2
    72 | D:1      | HP: 5/22 [hobgoblin (4)]
   940 | D:2      | Noticed Robin
   950 | D:2      | Gained mutation: You have a pair of horns on your head. [demonic ancestry]
   950 | D:2      | Reached XP level 3. HP: 23/27 MP: 3/3
   958 | D:2      | HP: 5/27 [goblin/dagger[Robin] (2)]
   958 | D:2      | HP: 2/27 [goblin[Robin] (3)]
   959 | D:2      | Slain by a goblin

Skill      XL: |  1 |
---------------+----+-----
Maces & Flails | 3 |  3.9
Fighting       | |  2.0
Throwing       | |  1.7
Dodging        | |  2.6

Action                   || total
-------------------------++-------
Melee: Flail             ||    57
       Headbutt          ||     8
 Stab: Sleeping          ||     1
Armor: Leather armour    ||    18
Dodge: Dodged            ||    41

Vault maps used:
D:1:      onia_arrival_pentagram
D:2:      nrook_mini_backslash, uniq_crazy_yiuf_cottage, uniq_robin

Table legend:
 A = Turns spent in this place as a percentage of turns spent in the entire game.
 B = Non-inter-level travel turns spent in this place as a percentage of non-inter-level travel turns spent in the entire game.
 C = Inter-level travel turns spent in this place as a percentage of turns spent in this place.
 D = Turns resting spent in this place as a percentage of non-inter-level travel turns spent in this place.
 E = Turns spent auto-exploring this place as a percentage of non-inter-level travel turns spent in this place.
 F = Non-inter-level travel turns spent in this place divided by the number of levels of this place that you've seen.
                   A       B       C       D       E      F
               +-------+-------+-------+-------+-------+----------------------
         Total | 100.0 | 100.0 |   3.0 |  27.3 |  55.4 | 465.0
       Dungeon | 100.0 | 100.0 |   3.0 |  27.3 |  55.4 | 465.0
               +-------+-------+-------+-------+-------+----------------------

Table legend:
 A = Kills in this place as a percentage of kills in entire the game.
 B = Kills by you in this place as a percentage of kills by you in the entire game.
 C = Kills by friends in this place as a percentage of kills by friends in the entire game.
 D = Other kills in this place as a percentage of other kills in the entire game.
 E = Experience gained in this place as a percentage of experience gained in the entire game.
 F = Experience gained in this place divided by the number of levels of this place that you have seen.
                   A       B       C       D       E      F
               +-------+-------+-------+-------+-------+----------------------
         Total | 100.0 | 100.0 |   N/A |   N/A | 100.0 |  22.5
       Dungeon | 100.0 | 100.0 |   N/A |   N/A | 100.0 |  22.5
               +-------+-------+-------+-------+-------+----------------------
